Map: Golden Wall LE

Players

신념 - Winner!

  • Race: Terran Terran
  • Spawn Location: 7:00

JohnnyV

  • Race: Terran Terran
  • League: Bronze
  • Spawn Location: 5:00

VOD

Have the link to the VOD?

Description

Time

  • Played on: April 30, 2020, 6:11 p.m.
  • Length: 5:37
Show
View Real Time Build Order
Export as new Build Order

신념 Terran - Winner!

Build Orders:  

Get SALT Encoding   

  12  0:01  SCV  
  13  0:13  SCV  
  14  0:19  Supply Depot  
  14  0:26  SCV  
  15  0:41  SCV  
  15  0:42  Barracks  
  16  0:49  Refinery  
  16  0:53  SCV  
  17  1:05  SCV  
  18  1:13  Barracks  
  18  1:17  SCV  
  19  1:26  Supply Depot  
  19  1:29  SCV  
  19  1:31  Marine  
  21  1:42  Orbital Command  
  21  1:51  Factory  
  21  1:59  Marine  
  21  2:00  Marine  
  23  2:01  Refinery  
  23  2:07  SCV  
  24  2:13  Supply Depot  
  24  2:17  Marine  
  24  2:19  Marine, SCV  
  27  2:32  SCV  
  28  2:39  Factory Tech Lab  
  28  2:40  Marine x2  
  30  2:46  Starport  
  30  2:58  Marine x2  
  30  3:01  Siege Tank  
  35  3:06  SCV  
  36  3:16  Marine x2  
  38  3:20  Supply Depot  
  38  3:23  Viking  
  40  3:34  Marine x2  
  40  3:38  Siege Tank  
  45  3:49  Supply Depot  
  45  3:51  Marine  
  45  3:52  Marine  
  45  3:54  Viking  
  49  4:09  Marine x2  
  50  4:16  Cyclone  
  54  4:25  Viking  
  54  4:27  Marine x2  
  58  4:45  Marine x2  
  59  4:48  Cyclone  
  63  4:58  Viking  
  65  5:03  Marine x2  
Show
View Real Time Build Order
Export as new Build Order

JohnnyV Terran 

Build Orders:  

Get SALT Encoding   

  12  0:01  SCV  
  13  0:16  Supply Depot  
  13  0:17  SCV  
  14  0:24  Refinery  
  14  0:30  SCV  
  15  0:41  Barracks  
  15  0:45  SCV  
  16  0:58  SCV  
  17  1:10  SCV, Refinery  
  18  1:19  Supply Depot  
  19  1:25  SCV  
  19  1:30  Reaper  
  20  1:37  SCV  
  21  2:00  SCV  
  22  2:06  Factory  
  22  2:08  Barracks Reactor  
  22  2:13  Orbital Command  
  22  2:46  Marine x2  
  23  2:53  Starport  
  23  3:05  SCV  
  24  3:20  Barracks Tech Lab  
  24  3:21  Hellion x2  
  28  3:29  SCV  
  29  3:42  Supply Depot  
  29  3:53  Hellion  
  31  4:04  Hellion  
  31  4:05  Barracks Reactor  
  31  4:06  Fusion Core  
  33  4:19  Raven  
  33  4:23  Hellion  
  37  4:25  SCV  
  37  4:27  Supply Depot  
  37  4:29  Supply Depot  
  38  4:42  Marine  
  39  4:49  Marine, Hellion x2  
  44  5:04  Marine  
  51  5:10  Supply Depot  
  30  5:32  Supply Depot  
Tags
 
League
Bronze
Matchup
TvT
Race
Terran
Spawn Locations
Close Positions
Add a new tag
Caveats
  • Supply blocks, unpowered buildings, or Contaminate may cause inaccurate times.
  • Supply counts are checked every 10 seconds.